 Dungeon Crawl Stone Soup version 0.25.1-2-g60ff931df9 (webtiles) character file.

Game seed: 17385867109081421706

3682 Britanger the Destroyer (level 9, -1/45 HPs)
             Began as a Deep Elf Wizard on Oct 19, 2020.
             Was a Priest of Qazlal.
             Slain by a slime creature (16 damage)
             ... on level 9 of the Dungeon.
             The game lasted 00:51:13 (7835 turns).

Britanger the Destroyer (Deep Elf Wizard)           Turns: 7835, Time: 00:51:13

Health: -1/45      AC:  6    Str:  8    XL:     9   Next: 90%
Magic:  24/32      EV: 15    Int: 25    God:    Qazlal [***...]
Gold:   416        SH:  4    Dex: 15    Spells: 15/24 levels left

rFire    + + .     SeeInvis .   I - +4 dagger
rCold    + + .     Gourm    .   (no shield)
rNeg     . . .     Faith    .   K - +0 robe {rC+ rF+}
rPois    .         Spirit   .   H - +1 helmet
rElec    .         Reflect  .   b - scarf {rC+ rF+}
rCorr    .         Harm     .   v - +1 pair of gloves
MR       .....                  (no boots)
Stlth    +++.......             j - amulet of the acrobat
HPRegen  0.15/turn              y - ring of magical power
MPRegen  0.23/turn              x - ring of stealth

@: no status effects
A: fangs 1, strong 2, wild magic 1
a: Upheaval, Elemental Force, Renounce Religion


You were on level 9 of the Dungeon.
You worshipped Qazlal.
Qazlal was most pleased with you.
You were hungry.

You visited 2 branches of the dungeon, and saw 11 of its levels.

You collected 416 gold pieces.

Inventory:

Hand Weapons
 k - a +2 whip of freezing
 z - a +0 hand crossbow
 F - a +2 whip of venom
 I - a +4 dagger (weapon)
Missiles
 w - 26 bolts (quivered)
Armour
 b - a scarf of resistance (worn)
 v - a +1 pair of gloves (worn)
 H - a +1 helmet (worn)
 K - a +0 robe of resistance (worn)
Jewellery
 e - an uncursed ring of ice
 j - an amulet of the acrobat (around neck)
 q - an uncursed ring of fire
 x - a ring of stealth (right hand)
 y - a ring of magical power (left hand)
Wands
 D - a wand of enslavement (8)
Scrolls
 f - 2 scrolls of identify
 h - 3 scrolls of teleportation
 i - 3 scrolls of enchant weapon
 m - 4 scrolls of remove curse
 o - a scroll of magic mapping {unknown}
 p - a scroll of random uselessness {unknown}
 t - 2 scrolls of enchant armour
 u - a scroll of immolation {unknown}
 B - a scroll of amnesia {unknown}
 G - a scroll of fog {unknown}
Potions
 c - 2 potions of stabbing
 g - 3 potions of lignification
 l - a potion of cancellation {unknown}
 n - a potion of brilliance {unknown}
 r - a potion of ambrosia {unknown}
 s - 2 potions of curing
 A - 2 potions of heal wounds
 E - 2 potions of mutation
 J - a potion of flight {unknown}
Comestibles
 d - 8 rations


   Skills:
 - Level 5.6 Dodging
 + Level 8.6 Stealth
 - Level 8.0 Spellcasting
 * Level 11.7 Conjurations
   Level 1.1 Summonings
 - Level 1.1 Translocations


You had 15 spell levels left.
You knew the following spells:

 Your Spells              Type           Power        Failure   Level  Hunger
a - Magic Dart            Conj           ####         1%          1    None
b - Blink                 Tloc           N/A          10%         2    None
c - Conjure Flame         Conj/Fire      ######..     3%          3    None
d - Mephitic Cloud        Conj/Pois/Air  #####...     6%          3    None

Your spell library contained the following spells:

 Spells                   Type           Power        Failure   Level  Hunger
 Call Imp                 Summ           ###.....     10%         2    None
 Slow                     Hex            ##......     13%         2    None


Dungeon Overview and Level Annotations

Branches:
Dungeon (10/15)            Temple (1/1) D:5
   Lair: D:8-11         Orc: D:9-12

Altars:
Ashenzari
Cheibriados
Dithmenos
Elyvilon
Fedhas
Gozag
Hepliaklqana
Kikubaaqudgha
Makhleb
Okawaru
Qazlal
Ru
Trog
Uskayaw
Vehumet
Xom
Yredelemnul
Zin
The Shining One

Annotations:
D:3 2 runed translucent doors, markt42's ghost, amateur GrFi
D:4 2 runed translucent doors, Cael's ghost, amateur TrMo


Innate Abilities, Weirdness & Mutations

You have very sharp teeth.
Your muscles are very strong. (Str +4)
Your spells are a little harder to cast, but a little more powerful.


Message History

The magic dart hits the slime creature.
The slime creature is lightly wounded.
The slime creature hits you.
Casting: Magic Dart (safe; 1% risk of failure)
Confirm with . or Enter, or press ? or * to list all spells.
Aiming: Magic Dart (safe; 1% risk of failure)
Press: ? - help, Shift-Dir - straight line, f/p - slime creature
Aim: a slime creature (lightly wounded)
The magic dart hits the slime creature.
The slime creature is lightly wounded.
The slime creature hits you!
The slime creature completely misses you.
Casting: Magic Dart (safe; 1% risk of failure)
Confirm with . or Enter, or press ? or * to list all spells.
You blink.
You see here 27 arrows.
Casting: Blink (safe; 10% risk of failure)
Confirm with . or Enter, or press ? or * to list all spells.
You blink.
The slime creature hits you!
You die...

#......#....#..................#
#......#....#......J...........#
#......#....##########.........#
#......#.....# ...#.........#
#....(.#.....# ..###'#)....#
#......#....## ###'##..#.[...#
#......#...○######...##(.#.....#
#......'....§.(J......'..#)[...#
.......#....○...@....#####.....#
.......#........##...#.........#
.......#....##..##().#.........#
.......#....##..##...'.........#
.......#....##...(...#.........#
.......#######..######....######
#......# .....# #..(.# #......#
..##..# #.>..# #......# . #....#


You could see a slime creature.

Vanquished Creatures
  Harold (D:9)
  2 slime creatures (D:9)
  6 yaks (D:9)
  2 ice beasts (D:5)
  3 sky beasts
  A phantom (D:4)
  2 big kobolds (D:9)
  4 killer bees (D:9)
  2 wights (D:9)
  A howler monkey (D:4)
  2 orc priests
  2 crimson imps
  2 bullfrog skeletons
  A hound (D:9)
  A jelly (D:9)
  2 centaur skeletons
  7 orc wizards
  Jessica (D:3)
  Ijyb (D:3)
  A worker ant (D:5)
  Robin (D:4)
  4 gnolls (D:2)
  4 adders
  2 shadow imps (D:6)
  2 oozes
  An adder zombie (D:6)
  4 worms
  7 dart slugs
  3 leopard geckos
  20 orcs
  5 bats
  9 giant cockroaches
  23 goblins
  6 hobgoblins
  10 jackals
  14 kobolds
  3 quokkas
  A ball python (D:2)
  3 frilled lizards
  6 rats
172 creatures vanquished.

Vanquished Creatures (collateral kills)
  A killer bee (D:9)
  2 orcs (D:5)
3 creatures vanquished.

Grand Total: 175 creatures vanquished

Notes
Turn   | Place    | Note
-------+----------+-------------------------------------------
     0 | D:1      | Britanger the Deep Elf Wizard began the quest for the Orb.
     0 | D:1      | Reached XP level 1. HP: 10/10 MP: 7/7
    66 | D:2      | Found a stormy altar of Qazlal.
    76 | D:2      | Became a worshipper of Qazlal Stormbringer
   243 | D:1      | Reached XP level 2. HP: 15/15 MP: 2/9
   308 | D:1      | Reached skill level 2 in Conjurations
   547 | D:1      | Learned a level 2 spell: Blink
   726 | D:1      | Reached XP level 3. HP: 15/19 MP: 7/11
  1221 | D:2      | Learned a level 3 spell: Conjure Flame
  1225 | D:2      | Learned a level 3 spell: Mephitic Cloud
  1234 | D:2      | Reached skill level 5 in Spellcasting
  1445 | D:2      | Reached skill level 3 in Conjurations
  1568 | D:2      | Reached XP level 4. HP: 24/24 MP: 7/13
  2049 | D:3      | Found a runed translucent door.
  2052 | D:3      | Noticed markt42's ghost (amateur GrFi)
  2052 | D:3      | Noticed a bullfrog
  2142 | D:2      | Reached * piety under Qazlal
  2582 | D:3      | Reached XP level 5. HP: 28/28 MP: 6/14
  2638 | D:3      | Found a runed translucent door.
  2700 | D:4      | Noticed a phantom
  2802 | D:3      | Noticed Ijyb
  2856 | D:3      | Killed Ijyb
  2856 | D:3      | Reached skill level 4 in Conjurations
  2916 | D:3      | Noticed Jessica
  2961 | D:3      | Killed Jessica
  3220 | D:4      | Killed a phantom
  3220 | D:4      | Reached XP level 6. HP: 22/32 MP: 0/17
  3261 | D:5      | Entered Level 5 of the Dungeon
  3261 | D:5      | Found a staircase to the Ecumenical Temple.
  3433 | D:4      | Found a snail-covered altar of Cheibriados.
  3567 | D:4      | Found a runed translucent door.
  3575 | D:4      | Noticed Cael's ghost (amateur TrMo)
  3608 | D:4      | Found a runed translucent door.
  3784 | D:4      | Reached skill level 5 in Conjurations
  3908 | D:4      | Reached ** piety under Qazlal
  3921 | D:4      | Noticed Robin
  3936 | D:4      | Killed Robin
  4571 | D:5      | Noticed a sky beast
  4584 | D:5      | Killed a sky beast
  4584 | D:5      | Reached skill level 5 in Dodging
  4584 | D:5      | Reached skill level 6 in Conjurations
  4584 | D:5      | Reached XP level 7. HP: 18/36 MP: 7/19
  4917 | D:5      | Found a glowing silver altar of Zin.
  5022 | D:5      | Reached skill level 7 in Conjurations
  5208 | D:5      | Reached XP level 8. HP: 41/41 MP: 14/21
  5565 | D:6      | Found a burning altar of Makhleb.
  5851 | Temple   | Entered the Ecumenical Temple
  6352 | D:7      | Noticed a hippogriff
  6535 | D:6      | You fall into a shaft and drop 3 floors!
  6540 | D:9      | Reached *** piety under Qazlal
  6574 | D:9      | Reached skill level 8 in Conjurations
  6737 | D:9      | Found an ancient bone altar of Kikubaaqudgha.
  6851 | D:9      | Reached skill level 5 in Stealth
  6876 | D:9      | Noticed Harold
  6976 | D:9      | Killed Harold
  6976 | D:9      | Reached skill level 10 in Conjurations
  6976 | D:9      | Reached XP level 9. HP: 25/45 MP: 0/23
  6985 | D:9      | Gained mutation: Your spells are a little harder to cast,
                  | but a little more powerful. [potion of mutation]
  6985 | D:9      | Gained mutation: You have very sharp teeth. [potion of
                  | mutation]
  6985 | D:9      | Gained mutation: Your muscles are strong. (Str +2) [potion
                  | of mutation]
  6985 | D:9      | Gained mutation: Your muscles are very strong. (Str +4)
                  | [potion of mutation]
  7308 | D:9      | Reached skill level 11 in Conjurations
  7586 | D:10     | Entered Level 10 of the Dungeon
  7835 | D:9      | Slain by a slime creature

Illustrated notes

Levels and vault maps discovered:
D:1:      matt_arrival_diagonals, layout_loops_ring, serial_forest,
          infiniplex_forest_lined_3, infiniplex_forest_lined_room_2,
          infiniplex_forest_clump_small, infiniplex_forest_straight_2,
          infiniplex_forest_lined_room_2, grunt_decor_arrowhead
D:2:      layout_loops_ring, grunt_qazlal_clouds
D:3:      layout_rooms, ebering_ghost_sewer_f, uniq_jessica, uniq_ijyb
D:4:      kennysheep_goblin_castle, layout_rooms, kennysheep_slug_shrine,
          ebering_ghost_sewer_f
D:5:      layout_rooms, zin_statuary, minmay_temple_entry_statues_fountains,
          first_ration, minmay_misc_feat_square
D:6:      layout_layer_cave, basic_altar, nrook_loot_triangle
D:7:      layout_loops_corners, uniq_joseph
D:8:      layout_gridville, lemuel_round_altar
D:9:      layout_gridville, kennysheep_little_box,
          gammafunk_temple_overflow_elements, lair_entry_dummy, uniq_harold
D:10:     layout_cave_pools, serial_shops, shop
Temple:   regret_index_temple_generic_petals

Skill      XL: |  1  2  3  4  5  6  7  8  9 |
---------------+----------------------------+-----
Conjurations   | 2 3 4 6 7 10 11 | 11.7
Dodging        | 3 4 5 |  5.6
Spellcasting   | 5 6 7 8 |  8.0
Stealth        | 3 6 8 |  8.6
Summonings     | |  1.1
Translocations | |  1.1

Action                   |  1- 3 |  4- 6 |  7- 9 || total
-------------------------+-------+-------+-------++-------
Melee: Dagger            |       |       |     4 ||     4
 Fire: Hunting sling     |       |     5 |       ||     5
 Cast: Magic Dart        |    94 |   226 |   300 ||   620
       Mephitic Cloud    |       |     4 |     8 ||    12
       Conjure Flame     |       |     1 |     6 ||     7
       Blink             |       |       |     5 ||     5
Evoke: Wand              |       |       |     1 ||     1
  Use: Scroll            |     2 |       |     7 ||     9
       Potion            |       |       |     1 ||     1
  Eat: Chunk             |     2 |     5 |     6 ||    13
       Ration            |       |     1 |     1 ||     2
Armor: Robe              |       |     7 |    13 ||    20
Dodge: Dodged            |     5 |    29 |    57 ||    91
Block: Other             |       |     5 |    16 ||    21
